[Event "Titled Tuesday Blitz July 18 Early 2023"]
[White "Dimitrov, Atanas"]
[Black "He, Anthony"]
[WhiteFideId "2901315"]
[BlackFideId "2088215"]
[WhiteElo "2681"]
[BlackElo "2947"]
[Result "1/2-1/2"]
[Round "3"]
[TimeControl "180+2"]
[Date "2023.07.18"]
[WhiteClock "0:00:13"]
[BlackClock "0:00:16"]
[Board "16"]

1. Nf3 Nf6 2. c4 c5 3. g3 g6 4. Bg2 Bg7 5. O-O O-O 6. Nc3 d5 7. cxd5 Nxd5 8. Qc2 Nc6 9. d3 Nc7 10. b3 b6 11. Bb2 Bb7 12. Rac1 Rc8 13. Qd2 e5 14. e3 Ne6 15. Rfd1 Qd7 16. h4 Rfd8 17. Qe2 Ba6 18. Ne1 h5 19. Ne4 Qe7 20. Bc3 Rd7 21. a3 Bb5 22. b4 cxb4 23. Bxb4 Qd8 24. Bc3 Ba4 25. Rd2 Ne7 26. Bb2 Rxc1 27. Bxc1 Rc7 28. Bb2 Qd7 29. Nf3 Nc6 30. Neg5 Bb3 31. Nxe6 Qxe6 32. d4 exd4 33. Nxd4 Nxd4 34. Bxd4 Bf8 35. Bb2 b5 36. Qxb5 Bc4 37. Qa5 Re7 38. Qc3 f6 39. Qxf6 Qxf6 40. Bxf6 Re6 41. Bd4 Ra6 42. Rc2 Be6 43. Be4 Bf5 44. Bxf5 gxf5 45. Rc7 Rxa3 46. Rxa7 Rxa7 47. Bxa7 Kf7 48. Kg2 Ke6 49. Kf3 Bd6 50. Bd4 Kd5 51. Bf6 Bc7 52. Bg5 Bd6 53. Bf4 Bb4 54. Ke2 Be7 55. Kd3 Bc5 56. f3 Be7 57. Bg5 Bd6 58. e4+ fxe4+ 59. fxe4+ Ke6 60. Bf4 Be7 61. Ke3 Bf6 62. Kf3 Be7 63. Bg5 Bf8 64. Bf4 Be7 65. Bg5 Bf8 66. g4 hxg4+ 67. Kxg4 Ke5 68. Kh5 Kxe4 69. Kg6 Ke5 70. Bf6+ Ke6 71. h5 Bh6 72. Bg7 Bc1 73. Bd4 Bd2 74. Bf2 Bf4 75. Bh4 Bc1 76. Kg7 Bb2+ 77. Kg8 Bc1 78. Be1 Kf5 79. Bh4 Kg4 80. h6 Bxh6 1/2-1/2


[Site "https://www.chess.com"]

[Event "Titled Tuesday Blitz July 18 Early 2023"]
[White "Ibarra Jerez, Jose Carlos"]
[Black "Itgelt, Khuyagtsogt"]
[WhiteFideId "2226332"]
[BlackFideId "4902912"]
[WhiteElo "2945"]
[BlackElo "2681"]
[Result "1-0"]
[Round "3"]
[TimeControl "180+2"]
[Date "2023.07.18"]
[WhiteClock "0:00:36"]
[BlackClock "0:00:15"]
[Board "17"]

1. e4 e6 2. d4 d5 3. Nc3 Bb4 4. Ne2 Nf6 5. e5 Ne4 6. a3 Nxc3 7. Nxc3 Bxc3+ 8. bxc3 c5 9. Qg4 Qa5 10. Bd2 O-O 11. Bd3 c4 12. Be2 Nd7 13. h4 f5 14. Qf4 Rf7 15. h5 Nf8 16. Rg1 Bd7 17. g4 fxg4 18. Qxg4 Ba4 19. Bd1 Rc8 20. Rg3 Qb6 21. Bc1 Rcc7 22. f4 Rf5 23. Qh3 Rcf7 24. Qh2 Rxf4 25. Bxf4 Qb2 26. Rc1 Rxf4 27. Rxg7+ Kxg7 28. Qxf4 Qxc3+ 29. Kf2 h6 30. Be2 Nh7 31. Rg1+ Ng5 32. Qf6+ Kg8 33. Qg6+ 1-0


[Site "https://www.chess.com"]

[Event "Titled Tuesday Blitz July 18 Early 2023"]
[White "Nouri, Alekhine"]
[Black "Vokhidov, Shamsiddin"]
[WhiteFideId "5216184"]
[BlackFideId "14204223"]
[WhiteElo "2681"]
[BlackElo "2939"]
[Result "1-0"]
[Round "3"]
[TimeControl "180+2"]
[Date "2023.07.18"]
[WhiteClock "0:00:33"]
[BlackClock "0:00:06"]
[Board "18"]

1. e4 c5 2. Nc3 Nc6 3. Bb5 Nd4 4. Nf3 a6 5. Bd3 g6 6. b4 Nxf3+ 7. Qxf3 cxb4 8. Nd5 Bg7 9. Rb1 e6 10. Ne3 Ne7 11. Rxb4 Nc6 12. Bb2 O-O 13. Bxg7 Kxg7 14. Rb1 b5 15. O-O Bb7 16. a4 b4 17. Nc4 d5 18. exd5 exd5 19. Ne3 d4 20. Nc4 Na5 21. Qf4 Nxc4 22. Bxc4 a5 23. Rfe1 Rc8 24. d3 Qf6 25. Qe5 Rfe8 26. Qxa5 Qd6 27. Qa7 Rxe1+ 28. Rxe1 Rc7 29. Qa5 Rc5 30. Qa7 Re5 31. Rxe5 Qxe5 32. Kf1 Bxg2+ 33. Kxg2 Qg5+ 34. Kf3 Qf5+ 35. Ke2 Qg4+ 36. Kd2 Qf4+ 37. Kd1 Qxf2 38. Kc1 Qe1+ 39. Kb2 Qc3+ 40. Kb1 Qe1+ 41. Ka2 Qf2 42. Kb3 g5 43. a5 g4 44. a6 h5 45. Qxf7+ Qxf7 46. Bxf7 g3 47. a7 g2 48. a8=Q g1=Q 49. Qg8+ 1-0


[Site "https://www.chess.com"]

[Event "Titled Tuesday Blitz July 18 Early 2023"]
[White "Rychagov, Andrey"]
[Black "Tasdogen, Dincer"]
[WhiteFideId "4119932"]
[BlackFideId "6367097"]
[WhiteElo "2680"]
[BlackElo "2936"]
[Result "0-1"]
[Round "3"]
[TimeControl "180+2"]
[Date "2023.07.18"]
[WhiteClock "0:00:01"]
[BlackClock "0:00:32"]
[Board "19"]

1. d4 g6 2. c4 Bg7 3. e4 d6 4. Nc3 Nc6 5. Be3 e5 6. d5 Nce7 7. g4 c5 8. Bd3 h5 9. g5 a6 10. a4 Bd7 11. a5 b6 12. axb6 Qxb6 13. Ra2 Nc8 14. h4 Nge7 15. Nf3 Bg4 16. Be2 O-O 17. Nd2 Bd7 18. Qc2 Kh7 19. f3 Qc7 20. b3 Nb6 21. Ndb1 f5 22. Kd2 fxe4 23. fxe4 Qc8 24. Qd1 a5 25. Na4 Nxa4 26. bxa4 Rb8 27. Nc3 Rb4 28. Nb5 Bxb5 29. axb5 a4 30. Rxa4 Qc7 31. Rxb4 cxb4 32. Qa4 Nc8 33. Qxb4 Rf7 34. Ra1 Bf8 35. b6 Qb8 36. Qb5 Rb7 37. Ra6 Be7 38. Qc6 Bd8 39. Ra7 Nxa7 40. bxa7 Rxa7 41. Bxa7 Qxa7 42. Qxd6 Be7 43. Qxe5 Bb4+ 44. Kc2 Qa4+ 45. Kb1 Qa5 46. Qb2 Bc3 47. Qb7+ Bg7 48. Bd3 Qa1+ 49. Kc2 Qc3+ 0-1


[Site "https://www.chess.com"]

[Event "Titled Tuesday Blitz July 18 Early 2023"]
[White "Durarbayli, Vasif"]
[Black "Begmuratov, Alisher"]
[WhiteFideId "13402935"]
[BlackFideId "14203367"]
[WhiteElo "2929"]
[BlackElo "2677"]
[Result "1-0"]
[Round "3"]
[TimeControl "180+2"]
[Date "2023.07.18"]
[WhiteClock "0:00:18"]
[BlackClock "0:00:08"]
[Board "20"]

1. e4 e5 2. Nc3 Nc6 3. f4 exf4 4. d4 Bb4 5. Bxf4 d5 6. exd5 Qxd5 7. Nf3 Nge7 8. Be2 Qa5 9. O-O Bd6 10. Bxd6 cxd6 11. d5 Nb8 12. Bb5+ Bd7 13. Bxd7+ Nxd7 14. Qe2 f6 15. Kh1 Ne5 16. Nxe5 fxe5 17. Qg4 Qc7 18. Qxg7 O-O-O 19. Rf7 Rhg8 20. Qf6 Rde8 21. Qe6+ Qd7 22. Rxe7 1-0


[Site "https://www.chess.com"]

[Event "Titled Tuesday Blitz July 18 Early 2023"]
[White "gau_npukyputb"]
[Black "Gholami Orimi, Mahdi"]
[BlackFideId "12558486"]
[WhiteElo "2677"]
[BlackElo "2924"]
[Result "0-1"]
[Round "3"]
[TimeControl "180+2"]
[Date "2023.07.18"]
[WhiteClock "0:00:00"]
[BlackClock "0:00:04"]
[Board "21"]

1. g3 d5 2. Nf3 g6 3. Bg2 Bg7 4. O-O e5 5. c4 d4 6. e3 Ne7 7. exd4 exd4 8. Re1 O-O 9. d3 c5 10. Bf4 Nbc6 11. Ne5 Qb6 12. Qd2 Be6 13. Na3 a6 14. b3 Rfe8 15. Nc2 Rac8 16. Re2 Nxe5 17. Bxe5 f6 18. Bf4 Bg4 19. f3 Bd7 20. Rae1 Nf5 21. Rxe8+ Rxe8 22. Rxe8+ Bxe8 23. Bh3 Bd7 24. b4 Nh4 25. Bg2 Nxg2 26. Kxg2 g5 27. Bb8 Bc6 28. Kf2 Bf8 29. bxc5 Bxc5 30. g4 Qb2 31. Qe2 Kf7 32. Ne1 Qc1 33. h3 b5 34. cxb5 Bxb5 35. Bg3 Bc6 36. h4 h6 37. h5 Bd5 38. a4 Bb4 39. Kg2 Bd2 40. Bf2 Bc3 41. Nc2 Qf4 0-1


[Site "https://www.chess.com"]

[Event "Titled Tuesday Blitz July 18 Early 2023"]
[White "Jones, Gawain C B"]
[Black "Nagare Kaivalya Sandip"]
[WhiteFideId "409561"]
[BlackFideId "25957929"]
[WhiteElo "2923"]
[BlackElo "2670"]
[Result "1-0"]
[Round "3"]
[TimeControl "180+2"]
[Date "2023.07.18"]
[WhiteClock "0:00:05"]
[BlackClock "0:00:04"]
[Board "22"]

1. Nf3 d5 2. c4 c6 3. g3 Nf6 4. Bg2 Bg4 5. Ne5 Bf5 6. Qb3 Qb6 7. d3 e6 8. Be3 Qc7 9. Nf3 Bd6 10. Nh4 Nbd7 11. Nxf5 exf5 12. cxd5 cxd5 13. Nc3 O-O 14. Nb5 Qa5+ 15. Bd2 Qb6 16. Nxd6 Qxd6 17. O-O Rfe8 18. Rfe1 b6 19. Rac1 Rac8 20. Bf4 Qe6 21. Rxc8 Rxc8 22. Qa4 Nc5 23. Qd4 Qd7 24. Be5 Ne6 25. Qb4 Ng4 26. Bc3 d4 27. Bd2 h5 28. h3 Ne5 29. Rc1 Rxc1+ 30. Bxc1 Qc7 31. Bd2 Qc2 32. Bf1 Nc6 33. Qc4 Qxc4 34. dxc4 Nc5 35. e3 Ne5 36. Kg2 d3 37. Bc3 Nxc4 38. b4 d2 39. Bxd2 Nxd2 40. bxc5 bxc5 41. Be2 g6 42. f3 Kf8 43. Kf2 Ke7 44. Ke1 Nb1 45. Bc4 Na3 46. Bd5 Nb5 47. Kd2 f6 48. Kd3 Nd6 49. h4 g5 50. Kc3 g4 51. f4 Kd7 52. Kd3 Ne4 53. Bxe4 fxe4+ 54. Kxe4 Kc6 55. Kd3 Kb5 56. e4 c4+ 57. Kc3 Kc5 58. a4 a5 59. f5 Kd6 60. Kxc4 Ke5 61. Kd3 Kd6 62. Kd4 1-0


[Site "https://www.chess.com"]

[Event "Titled Tuesday Blitz July 18 Early 2023"]
[White "Demidov, Mikhail"]
[Black "Aaditya Dhingra"]
[WhiteFideId "4197143"]
[BlackFideId "25678191"]
[WhiteElo "2918"]
[BlackElo "2665"]
[Result "1-0"]
[Round "3"]
[TimeControl "180+2"]
[Date "2023.07.18"]
[WhiteClock "0:00:05"]
[BlackClock "0:00:12"]
[Board "23"]

1. Nf3 c5 2. g3 Nc6 3. Bg2 g6 4. O-O Bg7 5. c4 Nf6 6. Nc3 d5 7. d3 O-O 8. Bg5 d4 9. Bxf6 exf6 10. Nd5 Be6 11. Nd2 f5 12. a3 Ne7 13. Nxe7+ Qxe7 14. b4 Rac8 15. Rb1 b6 16. Re1 h5 17. bxc5 Rxc5 18. a4 h4 19. Rb5 hxg3 20. hxg3 Bd7 21. Rxc5 Qxc5 22. Qc2 Re8 23. Nf3 Qb4 24. Ra1 Qc3 25. Ra2 Qxc2 26. Rxc2 Bxa4 27. Ra2 Bd1 28. Kf1 a5 29. Ke1 Bb3 30. Rb2 a4 31. Nd2 Bf8 32. Nxb3 axb3 33. Rxb3 Bc5 34. Rb2 Kg7 35. Ra2 Rh8 36. Kf1 Re8 37. Ra7 Re7 38. Ra8 Kf6 39. Bd5 Kg7 40. Bc6 Rc7 41. Bb5 Re7 42. Ra6 Rc7 43. Ra2 Re7 44. Bc6 Rc7 45. Bd5 Re7 46. Kg2 Kf6 47. Kf3 Kg5 48. Ra8 Kf6 49. Rb8 Kg7 50. Rc8 Kf6 51. Ra8 Kg7 52. Ra2 Kf6 53. g4 fxg4+ 54. Kxg4 Kg7 55. Kf3 Kf6 56. Ra1 Kg7 57. Re1 Kf6 58. e3 Bb4 59. Re2 Bc5 60. e4 Ra7 61. e5+ Kg7 62. e6 fxe6 63. Rxe6 Rf7+ 64. Kg3 Re7 65. Rc6 Rd7 66. Be4 Rd6 67. Rc7+ Kf6 68. Rb7 Re6 69. f3 Bd6+ 70. Kg4 Bc5 71. Rb8 Re5 72. f4 Re6 73. Rb7 Re7 74. Rb8 Re6 75. Rg8 Kf7 76. Rh8 Kg7 77. Rh3 Rd6 78. Kf3 Re6 79. Rh2 Re7 80. Rg2 Re6 81. f5 Rf6 82. Ke2 g5 83. Rxg5+ Kf7 84. Rh5 Ke7 85. Kf3 Kd6 86. Rh7 Rf8 87. Kg4 Bb4 88. Rh6+ Kc7 89. Rc6+ Kb7 90. Rd6+ Kc7 91. Rc6+ Kb7 92. c5 bxc5 93. Rf6+ 1-0


[Site "https://www.chess.com"]

[Event "Titled Tuesday Blitz July 18 Early 2023"]
[White "Galiot, Goran"]
[Black "Antipov, Mikhail Al."]
[WhiteFideId "931560"]
[BlackFideId "4107012"]
[WhiteElo "2663"]
[BlackElo "2906"]
[Result "0-1"]
[Round "3"]
[TimeControl "180+2"]
[Date "2023.07.18"]
[WhiteClock "0:00:10"]
[BlackClock "0:00:42"]
[Board "24"]

1. d4 Nf6 2. c4 e6 3. Nc3 Bb4 4. f3 Nc6 5. e4 e5 6. a3 Bxc3+ 7. bxc3 h6 8. Be3 O-O 9. Bd3 b6 10. Ne2 Ba6 11. O-O d6 12. Ng3 Na5 13. Qe2 Qd7 14. Nf5 Kh7 15. f4 Rae8 16. fxe5 dxe5 17. d5 Ng8 18. Rf3 Ne7 19. Nxg7 Kxg7 20. Bxh6+ Kxh6 21. Rh3+ Kg7 22. Rf1 Ng6 23. Qh5 Rh8 24. Qg5 Qe7 25. Qg3 Rxh3 26. Qxh3 Rh8 27. Qg3 Bxc4 28. Bxc4 Nxc4 29. Rf5 Nd6 30. Rg5 Nxe4 0-1


[Site "https://www.chess.com"]

[Event "Titled Tuesday Blitz July 18 Early 2023"]
[White "Galchenko, Matvey"]
[Black "Haug, Havard"]
[WhiteFideId "24175480"]
[BlackFideId "1547887"]
[WhiteElo "2880"]
[BlackElo "2658"]
[Result "1-0"]
[Round "3"]
[TimeControl "180+2"]
[Date "2023.07.18"]
[WhiteClock "0:02:13"]
[BlackClock "0:01:02"]
[Board "25"]

1. f4 f5 2. Nf3 Nf6 3. g3 g6 4. Bg2 Bg7 5. O-O O-O 6. d3 d5 7. Nc3 c5 8. e3 Nc6 9. Qe2 Bd7 10. e4 fxe4 11. dxe4 d4 12. Nd1 Bg4 13. e5 Nd5 14. Qc4 Be6 15. Ng5 Bf7 16. Nxf7 Nb6 17. Nh6+ Kh8 18. Qg8+ Rxg8 19. Nf7# 1-0


[Site "https://www.chess.com"]

[Event "Titled Tuesday Blitz July 18 Early 2023"]
[White "Spata, German"]
[Black "Donchenko, Alexander"]
[WhiteFideId "113026"]
[BlackFideId "24603295"]
[WhiteElo "2652"]
[BlackElo "2868"]
[Result "1/2-1/2"]
[Round "3"]
[TimeControl "180+2"]
[Date "2023.07.18"]
[WhiteClock "0:00:12"]
[BlackClock "0:00:03"]
[Board "26"]

1. Nf3 Nf6 2. e3 b6 3. b3 Bb7 4. Bb2 g6 5. Be2 Bg7 6. O-O O-O 7. c4 c5 8. d4 cxd4 9. Nxd4 Nc6 10. Nxc6 Bxc6 11. Nc3 Qc7 12. Rc1 Rac8 13. Bf3 Rfd8 14. Bxc6 Qxc6 15. Nd5 Nxd5 16. cxd5 Qd6 17. Bxg7 Kxg7 18. Qd4+ Kg8 19. h4 Rc5 20. Rxc5 bxc5 21. Qd3 h5 22. Rc1 Qb6 23. d6 exd6 24. Rd1 Rc8 25. Qxd6 Qxd6 26. Rxd6 Rc7 27. Kf1 Kf8 28. Ke2 Ke8 29. Kd3 Ke7 30. Rd5 Ke6 31. Kc4 d6 32. e4 Rb7 33. a3 f5 34. e5 dxe5 35. Rxc5 f4 36. b4 Rd7 37. b5 e4 38. Rc8 Kf5 39. Rf8+ Kg4 40. Re8 Rd2 41. Rxe4 Rxf2 42. a4 Rxg2 43. a5 Rc2+ 44. Kd5 Kg3 45. b6 axb6 46. axb6 Rb2 47. Kc6 f3 48. Re6 f2 49. Rxg6+ Kxh4 50. Rf6 Kg3 51. Rg6+ Kh2 52. Rf6 h4 53. b7 Kg2 54. Rg6+ Kf3 55. Rf6+ Kg2 56. Rg6+ Kh1 57. Rf6 h3 58. Rxf2 Rxb7 59. Kxb7 h2 60. Rf8 Kg2 61. Rg8+ Kh1 62. Rg7 1/2-1/2


[Site "https://www.chess.com"]

[Event "Titled Tuesday Blitz July 18 Early 2023"]
[White "Komov, Roman"]
[Black "Vitiugov, Nikita"]
[WhiteFideId "24175714"]
[BlackFideId "4152956"]
[WhiteElo "2646"]
[BlackElo "2858"]
[Result "0-1"]
[Round "3"]
[TimeControl "180+2"]
[Date "2023.07.18"]
[WhiteClock "0:00:00"]
[BlackClock "0:00:42"]
[Board "27"]

1. e4 c5 2. Nf3 Nc6 3. Bb5 e6 4. O-O Nge7 5. d4 cxd4 6. Nxd4 Qb6 7. Nxc6 bxc6 8. Bd3 Ng6 9. Nc3 Be7 10. Kh1 d5 11. f4 f5 12. exf5 exf5 13. Qh5 O-O 14. Rf3 Rf6 15. Rb1 Be6 16. Be3 d4 17. Bg1 c5 18. Ne2 Bd5 19. Rh3 Qc6 20. Rg3 Raf8 21. b4 Bd6 22. bxc5 Nxf4 23. Nxf4 Bxf4 24. Bxd4 Bxg3 25. Bxf6 Bf2 26. Bf1 Qxf6 27. c4 Be4 28. Rd1 Bxc5 29. Rd7 Qa1 30. Qe2 Qc3 31. h3 Qe3 0-1


[Site "https://www.chess.com"]

[Event "Titled Tuesday Blitz July 18 Early 2023"]
[White "Zomorrodian, Eilia"]
[Black "Rakhmanov, Aleksandr"]
[WhiteFideId "12551805"]
[BlackFideId "4173708"]
[WhiteElo "2644"]
[BlackElo "2858"]
[Result "0-1"]
[Round "3"]
[TimeControl "180+2"]
[Date "2023.07.18"]
[WhiteClock "0:00:04"]
[BlackClock "0:00:22"]
[Board "28"]

1. e4 c5 2. Nf3 Nf6 3. e5 Nd5 4. c3 g6 5. d4 cxd4 6. cxd4 Bg7 7. Bc4 Nb6 8. Bb3 O-O 9. O-O d6 10. Qe2 Bg4 11. Nbd2 Nc6 12. Qe4 Bf5 13. Qe2 dxe5 14. dxe5 Bd3 15. Qe1 e6 16. h4 Qc7 17. h5 Bxf1 18. Nxf1 Nxe5 19. Ng5 h6 20. Ne4 g5 21. Bd2 Rfd8 22. Ne3 Nd5 23. Nxd5 exd5 24. Ng3 Nd3 25. Qe2 Nf4 26. Bxf4 Qxf4 27. Bc2 Qc4 28. Bd3 Qd4 29. Nf5 Qxb2 30. Nxh6+ Kf8 31. Qxb2 Bxb2 32. Rb1 Bg7 33. Nf5 b6 34. h6 Bh8 35. Ba6 Rd7 36. Rc1 d4 37. Bd3 Rad8 38. g4 Rd5 39. Rc7 Rc5 40. Rxa7 Rc3 41. Be2 d3 42. Bd1 Rc1 43. Ne3 Bd4 0-1


[Site "https://www.chess.com"]

[Event "Titled Tuesday Blitz July 18 Early 2023"]
[White "Sahib Singh"]
[Black "Ter-Sahakyan, Samvel"]
[WhiteFideId "25618342"]
[BlackFideId "13302531"]
[WhiteElo "2642"]
[BlackElo "2852"]
[Result "1-0"]
[Round "3"]
[TimeControl "180+2"]
[Date "2023.07.18"]
[WhiteClock "0:00:39"]
[BlackClock "0:00:02"]
[Board "29"]

1. e4 c5 2. Nf3 e6 3. d4 cxd4 4. Nxd4 Nf6 5. Nc3 Nc6 6. Ndb5 Bc5 7. Nd6+ Ke7 8. Bf4 e5 9. Nf5+ Kf8 10. Be3 Bb4 11. Ng3 h5 12. h4 d5 13. exd5 Nxd5 14. Bd2 Nxc3 15. bxc3 Ba5 16. Bd3 Bg4 17. f3 Be6 18. Ne4 Qe7 19. Qe2 Rd8 20. Bg5 f6 21. Be3 Nd4 22. Qf2 b6 23. O-O Nf5 24. Bd2 Nd6 25. Ng3 Nc4 26. Be1 Kf7 27. f4 Qc5 28. Qxc5 bxc5 29. f5 Bd5 30. Ne4 Ne3 31. Rf3 c4 32. Rxe3 cxd3 33. c4 Bxe4 34. Bxa5 Rd4 35. Bc3 Rxc4 36. cxd3 Rxc3 37. Rxe4 Rb8 38. Ra4 Rb7 39. Rd1 Rc2 40. d4 exd4 41. Rdxd4 Rc5 42. Ra3 Rxf5 43. Rda4 Kg6 44. Rxa7 Rxa7 45. Rxa7 Rb5 46. a4 Rb4 47. g3 Rb2 48. a5 Ra2 49. a6 Kh6 50. Ra8 Kg6 51. a7 Kf5 52. Rh8 Rxa7 53. Rxh5+ Kg4 54. Rh7 Kxg3 55. Kf1 Kg4 56. h5 Kg5 57. Ke2 f5 58. Kf3 f4 59. Ke4 Re7+ 60. Kf3 Kf5 61. h6 Re3+ 62. Kf2 gxh6 63. Rxh6 Ra3 64. Rh8 Ra2+ 65. Kf3 Ra3+ 66. Kf2 Ra5 67. Rh5+ 1-0


[Site "https://www.chess.com"]

[Event "Titled Tuesday Blitz July 18 Early 2023"]
[White "KhalilMousavi98"]
[Black "Jeet, Jain"]
[BlackFideId "5073022"]
[WhiteElo "2850"]
[BlackElo "2641"]
[Result "0-1"]
[Round "3"]
[TimeControl "180+2"]
[Date "2023.07.18"]
[WhiteClock "0:00:00"]
[BlackClock "0:00:28"]
[Board "30"]

1. e4 c6 2. d4 d5 3. f3 g6 4. Nc3 a6 5. Be3 h5 6. Qd2 b5 7. h4 Nf6 8. e5 Ng8 9. Nh3 Bh6 10. Bxh6 Nxh6 11. Bd3 Bxh3 12. Rxh3 e6 13. Ne2 c5 14. c3 Nc6 15. Kf2 Qb6 16. b4 cxd4 17. cxd4 Nxe5 18. Rc1 Nxd3+ 19. Qxd3 Ke7 20. Rc5 Rac8 21. Rh1 Rxc5 22. dxc5 Qc7 23. Rc1 Nf5 24. a4 Rb8 25. a5 Nxh4 26. c6 Nf5 27. Qc3 Kf8 28. Qh8+ Ke7 29. Qc3 Nd6 30. Qc5 Kf8 31. Nd4 Kg8 32. Re1 Nf5 33. Nxf5 gxf5 34. Rh1 Rc8 35. Rc1 h4 36. Qb6 Qf4 37. Rc2 d4 38. c7 Qe3+ 39. Kf1 Qd3+ 40. Re2 Qc4 41. Qxa6 Rxc7 42. Qd6 Rc8 43. Kf2 Qc7 44. Qxd4 Qg3+ 45. Ke3 Rc4 0-1


[Site "https://www.chess.com"]

[Event "Titled Tuesday Blitz July 18 Early 2023"]
[White "Bacrot, Etienne"]
[Black "Frolyanov, Dmitry"]
[WhiteFideId "605506"]
[BlackFideId "4151976"]
[WhiteElo "2850"]
[BlackElo "2637"]
[Result "1-0"]
[Round "3"]
[TimeControl "180+2"]
[Date "2023.07.18"]
[WhiteClock "0:00:18"]
[BlackClock "0:00:00"]
[Board "31"]

1. e4 e5 2. Nf3 Nf6 3. Nc3 Nc6 4. Bb5 Nd4 5. Bc4 Bc5 6. d3 d6 7. h3 c6 8. Be3 b5 9. Bb3 Nxb3 10. axb3 Bxe3 11. fxe3 O-O 12. O-O b4 13. Ne2 a5 14. Ng3 Re8 15. Qd2 d5 16. exd5 cxd5 17. Rf2 Bb7 18. Raf1 Ra6 19. Nf5 e4 20. N3d4 Bc8 21. Rf4 Nh5 22. Rg4 Rg6 23. Qf2 Nf6 24. Rf4 Nh5 25. Rh4 Nf6 26. Rf4 Nh5 27. Rg4 Nf6 28. Rxg6 hxg6 29. Nc6 Qc7 30. Nxg7 Kxg7 31. Qxf6+ Kg8 32. Qf4 Qxf4 33. exf4 Ba6 34. Re1 Kf8 35. dxe4 dxe4 36. Nxa5 e3 37. Nc4 Bxc4 38. bxc4 Re4 39. b3 f5 40. g3 Rd4 41. Rxe3 Rd2 42. c3 Rd1+ 43. Kf2 1-0


[Site "https://www.chess.com"]

[Event "Titled Tuesday Blitz July 18 Early 2023"]
[White "Fridman, Daniel"]
[Black "Shishkov, Andrei"]
[WhiteFideId "11600454"]
[BlackFideId "4500563"]
[WhiteElo "2846"]
[BlackElo "2606"]
[Result "1-0"]
[Round "3"]
[TimeControl "180+2"]
[Date "2023.07.18"]
[WhiteClock "0:02:22"]
[BlackClock "0:00:25"]
[Board "32"]

1. d4 Nf6 2. Nf3 e6 3. c4 d5 4. g3 dxc4 5. Bg2 Nc6 6. Qa4 Bb4+ 7. Bd2 Nd5 8. Bxb4 Nxb4 9. Nc3 O-O 10. a3 Nd5 11. Qxc4 Na5 12. Qd3 b6 13. b4 Nb7 14. Ne5 c5 15. dxc5 bxc5 16. Nxd5 exd5 17. Qxd5 Qxd5 18. Bxd5 cxb4 19. axb4 a5 20. Nc6 a4 21. Ne7+ 1-0


[Site "https://www.chess.com"]

[Event "Titled Tuesday Blitz July 18 Early 2023"]
[White "Timofeev, Artyom"]
[Black "Altman, Joshua"]
[WhiteFideId "4140419"]
[BlackFideId "426210"]
[WhiteElo "2844"]
[BlackElo "2603"]
[Result "1-0"]
[Round "3"]
[TimeControl "180+2"]
[Date "2023.07.18"]
[WhiteClock "0:00:12"]
[BlackClock "0:00:02"]
[Board "33"]

1. c4 e5 2. Nc3 Nc6 3. e3 Nf6 4. a3 Be7 5. Nf3 O-O 6. Be2 d5 7. cxd5 Nxd5 8. Qc2 Be6 9. O-O f5 10. d3 Kh8 11. Bd2 Bf6 12. Rfe1 Qd7 13. Na4 b6 14. Rac1 Nde7 15. e4 Rac8 16. b4 Rfd8 17. Nb2 h6 18. Nc4 fxe4 19. dxe4 Bg4 20. Be3 Ng6 21. Rcd1 Qe6 22. Rd5 Bxf3 23. Bxf3 Nh4 24. Qe2 Nxf3+ 25. Qxf3 Rf8 26. Qh5 Ne7 27. Bxh6 Nxd5 28. exd5 Qf7 29. Qxf7 Rxf7 30. Bc1 Rd8 31. Ne3 Bg5 32. g3 Bxe3 33. Bxe3 Rxd5 34. Rc1 Rfd7 35. Kg2 c5 36. bxc5 bxc5 37. Rc4 Rb7 38. Bxc5 Rc7 39. Rh4+ Kg8 40. Be3 Ra5 41. a4 Rc2 42. Rb4 Ra2 43. Rb8+ Kh7 44. Rb7 R2xa4 45. h4 Ra6 46. h5 Kg8 47. Re7 e4 48. g4 Kf8 49. Rc7 Re6 50. Bxa7 Ra2 51. Be3 Kg8 52. Kg3 Rf6 53. g5 Rf3+ 54. Kg4 Ra5 55. g6 Ra8 56. Bd4 Rd8 57. Bxg7 Rxf2 58. h6 Rg2+ 59. Kf5 Rd5+ 60. Kxe4 Rd8 61. h7# 1-0


[Site "https://www.chess.com"]

[Event "Titled Tuesday Blitz July 18 Early 2023"]
[White "Harsh Suresh"]
[Black "Arat, Ufuk Sezen"]
[WhiteFideId "45018464"]
[BlackFideId "6309089"]
[WhiteElo "2838"]
[BlackElo "2598"]
[Result "1-0"]
[Round "3"]
[TimeControl "180+2"]
[Date "2023.07.18"]
[WhiteClock "0:00:46"]
[BlackClock "0:00:09"]
[Board "34"]

1. e4 c5 2. Nc3 e6 3. Nge2 Nc6 4. g3 d5 5. exd5 exd5 6. d4 cxd4 7. Nxd4 Nf6 8. Bg2 Bg4 9. Nde2 Bc5 10. O-O O-O 11. Bg5 d4 12. Ne4 Be7 13. Nxf6+ Bxf6 14. Bxf6 Qxf6 15. Qd2 Rad8 16. Nc1 Ne5 17. Nd3 Nf3+ 18. Bxf3 Bxf3 19. Qf4 Qxf4 20. Nxf4 Rc8 21. Rac1 Be4 22. Rfd1 Rfd8 23. Rd2 g5 24. Ne2 d3 25. cxd3 Bf3 26. Rxc8 Rxc8 27. Nc3 b5 28. Kf1 b4 29. Ne2 a5 30. d4 Bd5 31. b3 a4 32. bxa4 Ra8 33. Rb2 Rxa4 34. Nc1 Kf8 35. Ke2 Ke7 36. Nd3 Bc4 37. Kd2 Rxa2 38. Rxa2 Bxa2 39. Nxb4 Bc4 40. Ke3 f5 41. f4 g4 42. Kd2 Kd6 43. Kc3 Bf1 44. Nc2 Ba6 45. Ne3 Bc8 46. Kc4 Be6+ 47. d5 Bc8 48. Kd4 Bd7 49. Nc4+ Ke7 50. Ke5 Bc8 51. Ne3 Bd7 52. Nxf5+ Kf7 53. Ne3 h5 54. d6 Kg6 55. Nd5 Kf7 56. Nf6 Bc8 57. d7 1-0


[Site "https://www.chess.com"]

[Event "Titled Tuesday Blitz July 18 Early 2023"]
[White "Leon Oquendo, Jorge"]
[Black "Pakleza, Zbigniew"]
[WhiteFideId "3514803"]
[BlackFideId "1119290"]
[WhiteElo "2598"]
[BlackElo "2816"]
[Result "1-0"]
[Round "3"]
[TimeControl "180+2"]
[Date "2023.07.18"]
[WhiteClock "0:00:20"]
[BlackClock "0:00:07"]
[Board "35"]

1. d4 d6 2. c4 e5 3. dxe5 dxe5 4. Qxd8+ Kxd8 5. Nc3 Be6 6. b3 c6 7. Bb2 f6 8. O-O-O+ Kc7 9. Nf3 Nh6 10. h3 Nd7 11. g4 Nf7 12. e3 a5 13. Be2 Nc5 14. Nd2 a4 15. Nce4 axb3 16. axb3 Nxe4 17. Nxe4 b5 18. Rd2 Bb4 19. Rc2 Kb6 20. Rd1 Rhd8 21. Rxd8 Rxd8 22. Bc3 Bxc3 23. Rxc3 Ng5 24. Nxg5 fxg5 25. cxb5 cxb5 26. b4 Bc4 27. Bxc4 Rc8 28. Kc2 bxc4 29. Ra3 Rf8 30. Kc3 Rxf2 31. Kxc4 Rf3 32. Kd5 Rxh3 33. Kxe5 Rg3 34. Kf5 h6 35. e4 Rf3+ 36. Rxf3 1-0


[Site "https://www.chess.com"]

[Event "Titled Tuesday Blitz July 18 Early 2023"]
[White "Parpiev, Isaak"]
[Black "Elsa167"]
[WhiteFideId "34281576"]
[WhiteElo "2594"]
[BlackElo "2801"]
[Result "0-1"]
[Round "3"]
[TimeControl "180+2"]
[Date "2023.07.18"]
[WhiteClock "0:00:02"]
[BlackClock "0:01:29"]
[Board "36"]

1. d4 Nf6 2. c4 e6 3. Nc3 d5 4. cxd5 exd5 5. Bg5 c6 6. e3 h6 7. Bh4 Be6 8. Bd3 Nbd7 9. Nge2 g5 10. Bg3 Nh5 11. Qc2 Nxg3 12. Nxg3 h5 13. Bf5 Qf6 14. Bxe6 fxe6 15. O-O-O h4 16. Nf1 h3 17. g4 Bd6 18. Kb1 O-O-O 19. e4 Bf4 20. exd5 exd5 21. Nxd5 Qd6 22. Nxf4 Qxf4 23. Ne3 Kb8 24. Rhg1 Nf6 25. Qf5 Ne4 26. f3 Qxe3 27. Qxe4 Qf2 28. Qe5+ Ka8 29. Rg3 Qxh2 30. d5 Rhe8 31. Qc7 Rxd5 32. Rdg1 Rd2 33. Qg7 Qxg3 34. Rxg3 Re1# 0-1


[Site "https://www.chess.com"]

[Event "Titled Tuesday Blitz July 18 Early 2023"]
[White "Wagner, Dennis"]
[Black "Aggelis, Nikolaos"]
[WhiteFideId "24650684"]
[BlackFideId "4213220"]
[WhiteElo "2776"]
[BlackElo "2583"]
[Result "1-0"]
[Round "3"]
[TimeControl "180+2"]
[Date "2023.07.18"]
[WhiteClock "0:00:06"]
[BlackClock "0:00:00"]
[Board "37"]

1. d4 f5 2. Nf3 Nf6 3. c4 g6 4. Nc3 Bg7 5. b4 O-O 6. e3 d6 7. Bb2 c6 8. Be2 Nbd7 9. Qb3 Kh8 10. c5 Qe8 11. O-O dxc5 12. bxc5 e5 13. Nxe5 Nxe5 14. dxe5 Qxe5 15. Nb5 Qe7 16. Nd6 Be6 17. Bc4 Bxc4 18. Qxc4 b5 19. Qe2 Ne4 20. Bxg7+ Qxg7 21. Rac1 Rad8 22. Rfd1 Nc3 23. Rxc3 Qxc3 24. Nf7+ Rxf7 25. Rxd8+ Kg7 26. h4 Rf8 27. Rd7+ Rf7 28. Rd6 Qxc5 29. Qb2+ Kh6 30. Qd2 Qe5 31. Rxc6 f4 32. Rc3 fxe3 33. Rxe3 Qf4 34. g3 1-0


[Site "https://www.chess.com"]